AoeStats
← Simon Stokvis

Arena

504801795Analyzed
4v4 RM · 27d ago on Sep 6, 2026· 31m 50s· 8 players
Game mode
Random Map
Map size
Large (8 player)
Population
200
Speed
Normal
Resources
Standard
Victory
Conquest
Starting age
Dark Age
Ending age
Imperial Age
RankedLock teamsTeams togetherTeam positionsShared explorationLock speedFull tech treeHidden civsTurbo modeCheats
Victory
Defeat
🇮🇳 Cumans · India
1598
+14
🇺🇸 Burgundians · United States
1589
+14
🇺🇸 Ethiopians · United States
1586
+14
🇮🇳 Teutons · India
1564
+15
🇳🇴 Romans · Norway
1592
-16
🇭🇰 Britons · Hong Kong SAR China
1541
-14
🇦🇷 Lithuanians · Argentina
1536
-14
🇳🇱 Khmer · Netherlands
1525
-13
deev
10:27 Feudal Age
11:53 Double-Bit Axe
14:12 Castle Age
15:29 Bow Saw
20:50 Wheelbarrow
20:54 Scale Mail Armor
21:15 Fletching
21:44 Loom
23:36 Bodkin Arrow
25:21 Forging
25:50 Horse Collar
30:23 Imperial Age
29:08 Chain Mail Armor
29:01 Heavy Plow
29:46 Masonry
32:03 Chemistry
31:13 Siege Engineers
wackadoodle
9:13 Feudal Age
8:47 Loom
9:47 Double-Bit Axe
11:50 Town Watch
12:50 Horse Collar
24:33 Castle Age
23:39 Fletching
26:11 Bow Saw
26:12 Bodkin Arrow
28:34 Guard Tower
32:49 Wheelbarrow
HAASHIRAMA
8:57 Feudal Age
9:41 Double-Bit Axe
9:36 Horse Collar
16:05 Wheelbarrow
19:55 Castle Age
18:01 Scale Barding Armor
19:28 Forging
19:32 Bloodlines
21:15 Chain Barding Armor
24:11 Hand Cart
24:39 Iron Casting
25:35 Capped Ram
27:11 Bow Saw
26:44 Horse Collar
27:52 Heavy Plow
27:45 Gold Mining
34:29 Imperial Age
Vermilionz
7:59 Double-Bit Axe
10:55 Feudal Age
14:58 Castle Age
14:06 Bow Saw
14:00 Horse Collar
15:02 Light Cavalry
16:43 Husbandry
21:27 Wheelbarrow
20:52 Heavy Plow
25:00 Gold Mining
25:00 Stone Mining
25:40 Crop Rotation
26:58 Gold Shaft Mining
26:58 Stone Shaft Mining
28:36 Two-Man Saw
28:28 Hand Cart
29:28 Town Watch
30:51 Forging
30:47 Scale Barding Armor
33:42 Imperial Age
daMastah2
10:30 Feudal Age
14:14 Castle Age
13:14 Double-Bit Axe
13:35 Horse Collar
14:38 Loom
17:26 Bow Saw
19:00 Bow Saw
19:55 Wheelbarrow
20:42 Heavy Plow
21:37 Gold Mining
21:41 Stone Mining
22:29 Gold Mining
25:12 Gold Shaft Mining
25:15 Town Watch
25:55 Hand Cart
26:23 Coinage
34:24 Imperial Age
Simon Stokvis
10:59 Feudal Age
13:44 Castle Age
28:34 Horse Collar
30:09 Double-Bit Axe
30:49 Town Watch
30:49 Loom
[TOX2] A-c-Syno-666
5:11 Loom
11:09 Feudal Age
11:17 Feudal Age
15:31 Castle Age
14:12 Double-Bit Axe
17:32 Forging
27:11 Bow Saw
26:43 Horse Collar
27:25 Heavy Plow
28:41 Wheelbarrow
27:47 Pikeman
распродаж
11:24 Feudal Age
15:34 Castle Age
14:01 Double-Bit Axe
14:02 Loom
23:09 Fletching
29:37 Imperial Age
27:19 Horse Collar
27:30 Gold Mining
27:42 Bodkin Arrow
28:59 Bow Saw
30:15 Wheelbarrow
30:04 Ballistics
31:31 Bracer
32:33 Chemistry
Connection lost

Rejoining the realm…

Still unreachable

The connection could not be restored.

Session expired

The server has moved on; the page needs a fresh start.